 Dungeon Crawl Stone Soup version 0.25-a0-294-gea9b1ad378 (webtiles) character file.

Game seed: 15395025070866526144, levelgen mode: deterministic

198 Faustar the Chopper (level 5, 0/50 HPs)
             Began as a Hill Orc Monk on Dec 19, 2019.
             Splashed by Ijyb's acid (14 damage)
             ... on level 3 of the Dungeon.
             The game lasted 00:04:35 (2820 turns).

Faustar the Chopper (Hill Orc Monk)                 Turns: 2820, Time: 00:04:36

Health: 0/50       AC:  9    Str: 15    XL:     5   Next: 77%
Magic:  5/5        EV:  7    Int: 10    God:
Gold:   78         SH:  0    Dex: 13    Spells: 4/4 levels left

rFire    . . .     SeeInvis .   a - +1 hand axe
rCold    + + .     Gourm    .   (no shield)
rNeg     . . .     Faith    .   g - +1 chain mail {rC+}
rPois    .         Spirit   .   (no helmet)
rElec    .         Reflect  .   (no cloak)
rCorr    .         Harm     .   (no gloves)
MR       .....                  (no boots)
Stlth    ..........             w - amulet of regeneration
HPRegen  0.56/turn              o - ring of protection from cold
MPRegen  0.09/turn              (no ring)

@: no status effects
A: no striking features
a: no special abilities


You were on level 3 of the Dungeon.
You were not hungry.

You visited 1 branch of the dungeon, and saw 3 of its levels.

You collected 78 gold pieces.

Inventory:

Hand Weapons
 a - a +1 hand axe (weapon)
Armour
 b - a +0 robe
 g - a +1 chain mail of cold resistance (worn)
 i - a +0 chain mail
Jewellery
 o - a ring of protection from cold (left hand)
 w - an amulet of regeneration (around neck)
Wands
 v - a wand of random effects (16)
Scrolls
 f - a scroll of enchant armour
 h - a scroll of noise
 j - a scroll of teleportation
 n - a scroll of fog {unknown}
 p - a scroll of remove curse {unknown}
Potions
 e - a potion of heal wounds {unknown}
 m - a potion of agility {unknown}
 q - a potion of invisibility {unknown}
 r - a potion of degeneration {unknown}
 s - 2 potions of curing
 t - 2 potions of might
Comestibles
 c - 5 rations


   Skills:
 + Level 5.9 Fighting
 + Level 6.4 Axes
 - Level 2.4 Dodging
 - Level 1.5 Stealth


You had 4 spell levels left.
You didn't know any spells.
Your spell library contained the following spells:

 Spells                   Type           Power        Failure   Level  Hunger
 Sandblast                Erth           #.....       100%        1    ##.....
 Passwall                 Tmut/Erth      #.......     100%        2    ###....
 Stone Arrow              Conj/Erth      #.....       100%        3    ####...
 Petrify                  Tmut/Erth      #.......     100%        4    #####..
 Lee's Rapid Deconstruct  Erth           #.........   100%        5    ######.


Dungeon Overview and Level Annotations

Branches:
Dungeon (3/15)

Altars:
Kikubaaqudgha
Makhleb
Qazlal
Ru
Sif Muna
Uskayaw

Annotations:
D:3 Ijyb


Message History

An orc comes into view. It is wielding a -2 hand axe.
Evoke which item? (* to show all) (? for menu, Esc to quit)
Aiming: Random Effects
Press: ? - help, Shift-Dir - straight line, f/p - Ijyb
Aim: Ijyb, wielding a +0 dagger, wearing a +0 ring mail and carrying a wand of acid (9) (misshapen and mutated)
The mass of ice explodes!
The iceblast engulfs Ijyb.
Ijyb is moderately wounded.
You hear a shout!
Ijyb zaps a wand.
The bolt of acid hits you!! The acid corrodes you!
You are splashed with acid!
The orc throws a stone.
The stone barely misses you.
Evoke which item? (* to show all) (? for menu, Esc to quit)
Okay, then.
Unknown command.
You are no longer corroded.
There is a stone staircase leading up, spattered with blood here.
Ijyb zaps a wand.
The bolt of acid hits you!
* * * LOW HITPOINT WARNING * * *
You are splashed with acid!
You die...

####### ###.....#
#.(@###.#
#..)).#.#########
#...#..g....g.o.#
##........#####.#
#.####...#####.#
#.#.........##.##
#.#...........(.#
#.#.........##g.#
#.####...#####..#


You could see Ijyb.

Vanquished Creatures
  A centaur (D:2)
  A worker ant (D:2)
  Robin (D:3)
  2 adders (D:2)
  An ooze (D:3)
  2 dart slugs (D:1)
  An orc (D:3)
  A ball python (D:1)
  2 giant cockroaches (D:1)
  13 goblins
  9 hobgoblins
  7 kobolds
  3 quokkas
  4 bats
  2 frilled lizards (D:1)
  9 rats
59 creatures vanquished.

Notes
Turn   | Place    | Note
-------+----------+-------------------------------------------
     0 | D:1      | Faustar the Hill Orc Monk began the quest for the Orb.
     0 | D:1      | Reached XP level 1. HP: 19/19 MP: 1/1
   123 | D:1      | Reached XP level 2. HP: 15/27 MP: 2/2
   444 | D:1      | Reached XP level 3. HP: 31/34 MP: 3/3
   712 | D:2      | Noticed a centaur
  1314 | D:2      | Killed a centaur
  1314 | D:2      | Reached skill level 5 in Fighting
  1314 | D:2      | Reached skill level 5 in Axes
  1314 | D:2      | Reached XP level 4. HP: 11/42 MP: 4/4
  1650 | D:2      | Found a hide-covered altar of Uskayaw.
  1651 | D:2      | Found a sacrificial altar of Ru.
  1670 | D:2      | Reached XP level 5. HP: 48/48 MP: 5/5
  1734 | D:2      | Reached skill level 6 in Axes
  1952 | D:2      | Found a stormy altar of Qazlal.
  2032 | D:2      | Found a burning altar of Makhleb.
  2032 | D:2      | Found an ancient bone altar of Kikubaaqudgha.
  2067 | D:2      | Found a shimmering blue altar of Sif Muna.
  2341 | D:3      | Noticed Robin
  2512 | D:3      | Killed Robin
  2580 | D:3      | Noticed Ijyb
  2820 | D:3      | Splashed by Ijyb's acid

Levels and vault maps discovered:
D:1:      roderic_dead_forest, layout_rooms, due_unseen_surprise
D:2:      layout_loops_cross, lemuel_blue_sif_altar, marbit_many_paths,
          nicolae_overflow_hidden_temple
D:3:      layout_loops_ring, trog_eyes_of_draining, uniq_robin,
          uniq_crazy_yiuf_cottage, uniq_ijyb

Skill      XL: |  1  2  3  4  5 |
---------------+----------------+-----
Fighting       | 4 5 |  5.9
Axes           | 5 6 |  6.4
Dodging        | |  2.4
Stealth        | |  1.5

Action                   |  1- 3 |  4- 6 || total
-------------------------+-------+-------++-------
Melee: Hand axe          |    87 |   114 ||   201
Evoke: Wand              |       |     7 ||     7
  Use: Scroll            |       |     6 ||     6
       Potion            |       |     1 ||     1
 Stab: Sleeping          |     2 |       ||     2
  Eat: Chunk             |     1 |     5 ||     6
Armor: Robe              |    12 |       ||    12
       Chain mail        |    13 |    64 ||    77
Dodge: Dodged            |    53 |    53 ||   106

Table legend:
 A = Non-vault XP
 B = Vault XP
 C = Vault XP percentage of total XP
 D = Non-vault monster count
 E = Vault monster count
 F = Vault count percentage of total count
                 A         B        C        D         E       F
            +---------+---------+-------+---------+---------+-------
      Total |     233 |      51 |  18.0 |      46 |      13 |  22.0
            +---------+---------+-------+---------+---------+-------
        D:1 |      45 |       0 |   0.0 |      26 |       0 |   0.0
        D:2 |     175 |      34 |  16.3 |      16 |      11 |  40.7
        D:3 |      13 |      17 |  56.7 |       4 |       2 |  33.3
            +---------+---------+-------+---------+---------+-------
